 Dungeon Crawl Stone Soup version 0.29-a0-72-g1732ff48e7 (webtiles) character file.

Game seed: 1903562601422230097

14 Hubjo the Sneak (level 2, -4/20 HPs)
             Began as a Vampire Enchanter on Feb 3, 2022.
             Slain by Natasha (7 damage)
             ... on level 2 of the Dungeon.
             The game lasted 00:01:43 (549 turns).

Hubjo the Sneak (Vampire Enchanter)                  Turns: 549, Time: 00:01:44

Health: -4/20      AC:  3    Str:  7    XL:     2   Next: 31%
Magic:  5/5        EV: 12    Int: 17    God:
Gold:   30         SH:  0    Dex: 14    Spells: 5/5 levels left

rFire   . . .      SeeInvis +   a - +1 dagger
rCold   . . .      Faith    .   (no shield)
rNeg    . . .      Spirit   .   b - +0 robe
rPois   .          Reflect  .   f - +0 helmet
rElec   .          Harm     .   (no cloak)
rCorr   .          Rampage  .   (no gloves)
Will    .....                   (no boots)
Stlth   +++.......              (no amulet)
HPRegen 0.26/turn               (no ring)
MPRegen 0.09/turn               (no ring)

@: healing quickly
A: alive, fangs 3, see invisible, vampiric 1
a: Exsanguinate


You were on level 2 of the Dungeon.
You visited 1 branch of the dungeon, and saw 2 of its levels.

You collected 30 gold pieces.

Inventory:

Hand Weapons
 a - a +1 dagger (weapon)
Armour
 b - a +0 robe (worn)
 f - a +0 helmet (worn)
Scrolls
 d - a scroll of teleportation {unknown}
 e - a scroll of fear {unknown}
 h - a scroll of identify {unknown}
Potions
 c - a potion of invisibility
 g - a potion of might {unknown}


   Skills:
 * Level 0.9 Fighting
 + Level 1.3 Short Blades
 + Level 2.3 Dodging
 * Level 4.8 Stealth
 - Level 2.0 Spellcasting
 + Level 4.5 Hexes


You had 5 spell levels left.
You didn't know any spells.
Your spell library contained the following spells:

 Spells                   Type           Power      Damage    Failure   Level
 Confusing Touch          Hex            17%        N/A       9%          3
 Tukima's Dance           Hex            17%        N/A       9%          3
 Ensorcelled Hibernation  Hex/Ice        18%        N/A       12%         2
 Summon Small Mammal      Summ           4%         N/A       19%         1
 Dazzling Flash           Conj/Hex       18%        N/A       22%         3
 Summon Guardian Golem    Hex/Summ       9%         N/A       22%         3
 Call Canine Familiar     Summ           1%         N/A       50%         3


Dungeon Overview and Level Annotations

Branches:
Dungeon (2/15)

Altars:
Fedhas

Annotations:
D:2 Natasha


Innate Abilities, Weirdness & Mutations

Your natural rate of healing is accelerated.
You have razor-sharp teeth.
You have supernaturally acute eyesight. (SInv)
You are afflicted with vampirism.


Message History

You impale the goblin!!
You kill the goblin!
There is a stone staircase leading down here.
The helpless rat fails to defend itself.
You puncture the rat!
You kill the rat!
There is a stone staircase leading down here.
Things that are here:
a +0 whip; a kobold corpse A kobold comes into view.
It is wielding a +0 short sword.
The kobold shouts!
A bat comes into view.
The kobold barely misses you.
You hit the kobold.
You kill the kobold!
The bat hits you but does no damage. The bat closely misses you.
You closely miss the bat. The bat hits you. The bat closely misses you.
You barely miss the bat. The bat hits you but does no damage. x2
The bat hits you but does no damage. x2
Natasha, Servant of Life and Death comes into view.
Natasha hisses angrily.
Things that are here:
a +0 short sword; 4 stones; a kobold corpse You hit the bat.
The bat is heavily wounded.
The bat hits you. Natasha claws you. The bat misses you.
You closely miss Natasha.
Natasha stares at you and mumbles some strange words.
The magic dart hits you.
You hit Natasha but do no damage. Your bite misses Natasha.
The bat closely misses you. The bat hits you. Natasha misses you.
The bat closely misses you.
You hit Natasha but do no damage. The bat hits you but does no damage.
Natasha stares at you and mumbles some strange words.
The magic dart hits you.
* * * LOW HITPOINT WARNING * * *
You barely miss Natasha. Your bite misses Natasha.
The bat hits you but does no damage. Natasha claws you!
You die...

### #. ..# #.# #.#
#.# #.# #.# #.# #.#
#b# #.#
#.####.#####
#h@........##
#.#####.##...######
## #......#......#
#.#.##...####.##
##.#.##...###...#
#................
#....##...###...#
#...####....##.##
#...# #....##.#


You could see Natasha and a bat.

Vanquished Creatures
  2 bats (D:1)
  An endoplasm (D:1)
  A giant cockroach (D:2)
  A goblin (D:2)
  A jackal (D:1)
  4 kobolds
  A ball python (D:1)
  A frilled lizard (D:1)
  3 rats
15 creatures vanquished.

Notes
Turn   | Place    | Note
-------+----------+-------------------------------------------
     0 | D:1      | Hubjo the Vampire Enchanter began the quest for the Orb.
     0 | D:1      | Reached XP level 1. HP: 13/13 MP: 3/3
   256 | D:1      | Reached XP level 2. HP: 20/20 MP: 5/5
   333 | D:2      | Found a blossoming altar of Fedhas.
   543 | D:2      | Noticed Natasha
   549 | D:2      | Slain by Natasha

Illustrated notes

Levels and vault maps discovered:
D:1:      dpeg_arrival_renting, layout_loops_cross,
          nicolae_concentric_dashed_squares_mild, minmay_tripent
D:2:      layout_loops_ring, shapermc_ecumenical_altar_ellora, basic_altar,
          uniq_natasha

Action                   || total
-------------------------++-------
Melee: Dagger            ||    50
       Bite              ||     3
 Stab: Sleeping          ||     5
Armor: Robe              ||    24
Dodge: Dodged            ||    45

Table legend: (Time is in decaauts)
 A = Elapsed time spent in this place.
 B = Non-inter-level travel time spent in this place.
 C = Inter-level travel time spent in this place.
 D = Time resting spent in this place.
 E = Time spent auto-exploring this place.
 F = Levels seen in this place.
 G = Mean time per level.
                   A        B        C        D        E       F      G
               +--------+--------+--------+--------+--------+-----+--------+
         Total |    546 |    506 |     40 |      0 |    351 |   2 |  273.0 |
       Dungeon |    546 |    506 |     40 |      0 |    351 |   2 |  273.0 |
               +--------+--------+--------+--------+--------+-----+--------+

Top non-repeatable levels by time:
     D:1: 298 daAuts
     D:2: 248 daAuts
